Avalanches vs Stars

Created - 9 mars 2022 at 16:57

Goals
1 2 3 T
Avalanches 2 2 2 6
Stars 0 1 0 1
Shots
1 2 3 T
Avalanches 13 8 14 35
Stars 7 11 11 29

GoalsPenalties
1st period
1. Avalanches , T.J. Oshie 29 (Blake Wheeler 46, Derek Ryan 25) at 13:41 (PP)
2. Avalanches , T.J. Oshie 30 (Derek Ryan 26, Blake Wheeler 47) at 17:31
Nick Foligno (COL) for Elbowing (Minor) at 0:49
Tucker Poolman (DAL) for Hooking (Minor) at 13:37
Jeff Petry (COL) for Holding (Minor) at 13:44
2nd period
3. Stars , Elias Pettersson 21 (Andrei Svechnikov 32, Tucker Poolman 8) at 7:31
4. Avalanches , Joel Armia 6 (Erik Gustafsson 17) at 11:02
5. Avalanches , Derek Ryan 19 (T.J. Oshie 33, Blake Wheeler 48) at 15:45 (PP)
Ville Heinola (DAL) for Cross-checking (Minor) at 3:15
Tucker Poolman (DAL) for Hooking (Minor) at 9:33
Blake Wheeler (COL) for Hooking (Minor) at 10:00
Andrei Svechnikov (DAL) for Tripping (Minor) at 15:04
3rd period
6. Avalanches , Derek Ryan 20 (Blake Wheeler 49, T.J. Oshie 34) at 2:03
7. Avalanches , Jeff Carter 20 (Mattias Janmark 15, Zach Whitecloud 10) at 18:10
Alex Goligoski (COL) for Tripping (Minor) at 3:35
Ville Heinola (DAL) for Hooking (Minor) at 6:26
Deryk Engelland (DAL) for Holding (Minor) at 13:27
Tucker Poolman (DAL) for Spearing (Major / Game Misconduct) at 19:47
Colin Wilson (COL) for Interference (Minor) at 19:47
Goalie Stats
Robin Lehner (COL), 28 saves from 29 shots - (0,966), W, 30-21-5, 60:00 minutes
Martin Jones (DAL), 11 saves from 12 shots - (0,917), 17:57 minutes
Jake Oettinger (DAL), 18 saves from 23 shots - (0,783), L, 10-12-2, 42:03 minutes
3 StarsOfficial
1 - T.J. Oshie (COL)
2 - Derek Ryan (COL)
3 - Blake Wheeler (COL)
Referees : Evgeny Romasko and Mike Hasenfratz
Linesman : Darren Gibbs and Matt MacPherson
Game Note
Martin Jones enters game at 2:03 of 3rd period
Tucker Poolman (DAL) for Spearing (Major / Game Misconduct) at 19:47
Tucker Poolman ejected from game at 19:47 of 3rd period



Team Name Goals Shots Shots Attemp Shots Blocked PIM HIT PP PK FO%
Avalanches 635761110192 / 6 (33%)058%
Stars 12958727190 / 4 (0%)242%

Avalanches
Player Name POS G A P +/- PIM HIT SHT SB MP PP MP PP SHT PK MP PK SHT FO% FOT
Alex GoligoskiD000-1212124:233:4012:3200% 0
Blake WheelerC/RW0441210018:553:5900:1100% 0
Carl SoderbergC/LW000002008:020:0003:24070% 10
Colin WilsonC/LW/RW0000201016:563:0900:000100% 2
Derek RyanC/RW2241006021:224:0012:49050% 34
Erik GustafssonD0113011322:123:2912:4600% 0
Jamie OleksiakD0001000318:213:2902:3400% 0
Jeff CarterC/LW1011032013:220:0000:00047% 17
Jeff PetryD000-1212324:013:4022:1000% 0
Joel ArmiaRW1011023020:473:0903:000100% 2
John MooreD0001010115:040:0002:4600% 0
Justin WilliamsRW000000104:380:0000:0000% 0
Mattias JanmarkC/LW/RW0111013015:080:0003:2400% 0
Nick FolignoC/LW/RW0000206016:563:0920:00064% 22
Riley NashC/RW000000104:380:0000:0000% 0
Ryan DonatoC/LW0002021011:500:0000:0000% 1
T.J. OshieLW/RW2241016019:154:0040:000100% 3
Zach WhitecloudD0113030015:570:0000:0000% 0
Stars
Player Name POS G A P +/- PIM HIT SHT SB MP PP MP PP SHT PK MP PK SHT FO% FOT
Andreas AthanasiouC000-1012010:370:0000:00028% 18
Andrei SvechnikovLW/RW0110213020:452:1523:1100% 1
Cody GlassC0001000014:200:0000:000100% 2
Deryk EngellandD000-3222323:323:4312:3900% 0
Dominik SimonC/LW/RW000000105:550:0000:0000% 0
Dylan CozensC000-2000013:510:0000:000100% 1
Dylan LarkinC000-1004016:524:0910:00044% 25
Elias PetterssonC101-1002022:242:1503:41032% 22
Frans NielsenC0000002010:044:0900:0000% 0
Jason RobertsonLW000-1003019:284:0903:58036% 11
Jordan GreenwayLW/RW000-2041020:182:1503:28050% 4
Mikko KoivuC000000105:550:0000:000100% 5
Ron HainseyD0001011022:042:4113:4400% 0
Ryan SuterD000-2035424:532:4113:3700% 0
Travis HamonicD000-2020020:523:4304:1200% 0
Tucker PoolmanD01111930014:520:0000:0000% 0
Ville HeinolaD000-1410013:410:0000:0600% 0
Warren FoegeleLW/RW000-1012010:370:0000:00050% 2

Avalanches

5 vs 5 Forward
Line #Left WingCenterRight WingPHYDFOFWanted %Time %Time Play
1T.J. OshieDerek RyanBlake Wheeler0233333%14:33
2Colin WilsonNick FolignoJoel Armia0233231%13:48
3Ryan DonatoJeff CarterMattias Janmark0142526%11:44
4Riley NashCarl SoderbergJustin Williams1221010%4:38
5 vs 5 Defense
Line #DefenseDefensePHYDFOFWanted %Time %Time Play
1Jeff PetryAlex Goligoski0233533%14:50
2Zach WhitecloudErik Gustafsson0323533%14:55
3Jamie OleksiakJohn Moore1311528%12:18
4Jeff PetryAlex Goligoski023156%2:40
Power Play Forward
Line #Left WingCenterRight WingPHYDFOFWanted %Time %Time Play
1T.J. OshieDerek RyanBlake Wheeler0146056%4:00
2Colin WilsonNick FolignoJoel Armia0144044%3:09
Power Play Defense
Line #DefenseDefensePHYDFOFWanted %Time %Time Play
1Jeff PetryAlex Goligoski0146051%3:40
2Jamie OleksiakErik Gustafsson0144049%3:29
Penalty Kill 4 Players Forward
Line #CenterWingPHYDFOFWanted %Time %Time Play
1Derek RyanJoel Armia0415047%3:00
2Carl SoderbergMattias Janmark0415053%3:24
Penalty Kill 4 Players Defense
Line #DefenseDefensePHYDFOFWanted %Time %Time Play
1Jeff PetryAlex Goligoski0415557%3:38
2John MooreErik Gustafsson0414543%2:46
Penalty Kill 3 Players
Line #WingPHYDFOFWanted %Time %Time PlayDefenseDefensePHYDFOFWanted %Time %Time Play
1Derek Ryan041500%0:00 Jeff PetryAlex Goligoski041500%0:00
2Carl Soderberg041500%0:00 Jamie OleksiakErik Gustafsson041500%0:00
4 vs 4 Forward
Line #CenterWingPHYDFOFWanted %Time %Time Play
1Jeff CarterBlake Wheeler02355100%1:44
2Nick FolignoT.J. Oshie023450%0:00
4 vs 4 Defense
Line #DefensePHYDFOFWanted %Time %Time Play
1Jeff PetryAlex Goligoski0236040%60% - 0:42
2Zach WhitecloudErik Gustafsson0234060%40% - 1:02
Last Minutes Offensive
Left WingCenterRight WingDefenseDefense
Blake WheelerJeff CarterT.J. OshieJeff PetryAlex Goligoski
Last Minutes Defensive
Left WingCenterRight WingDefenseDefense
Joel ArmiaNick FolignoDerek RyanJeff PetryAlex Goligoski
Time
Total ForwardTotal DefenseLast Minutes OffensiveLast Minutes Defensive
60:00 60:00 0:000:00
Extra Forwards
Normal PowerPlayPenalty Kill
Blake Wheeler, T.J. Oshie, Joel ArmiaBlake Wheeler, T.J. OshieJoel Armia
Extra Defensemen
Normal PowerPlayPenalty Kill
Jeff Petry, Alex Goligoski, Erik GustafssonJeff Petry, Jeff PetryAlex Goligoski
Penalty Shots
T.J. Oshie, Blake Wheeler, Joel Armia, Jeff Carter, Justin Williams
Goalie
Robin Lehner, Jaroslav Halak
Custom OT Lines Forwards
Blake Wheeler, T.J. Oshie, Jeff Carter, Joel Armia, Nick Foligno, Carl Soderberg, Colin Wilson, Derek Ryan, Ryan Donato, Justin Williams
Custom OT Lines Defensemen
Jeff Petry, Alex Goligoski, Zach Whitecloud, Erik Gustafsson, John Moore
Scratches
Brad Hunt (Healthy), Mark Jankowski (Healthy), Adam Brooks (Healthy), Adin Hill (Healthy)

Stars

5 vs 5 Forward
Line #Left WingCenterRight WingPHYDFOFWanted %Time %Time Play
1Andrei SvechnikovElias PetterssonCody Glass0053032%14:20
2Jordan GreenwayDylan LarkinDylan Cozens0053031%13:51
3Jason RobertsonAndreas AthanasiouWarren Foegele1222424%10:37
4Dominik SimonMikko KoivuFrans Nielsen1401613%5:55
5 vs 5 Defense
Line #DefenseDefensePHYDFOFWanted %Time %Time Play
1Ville HeinolaRyan Suter1223030%13:37
2Travis HamonicDeryk Engelland1223027%11:57
3Ron HainseyTucker Poolman1222433%14:55
4Deryk EngellandRyan Suter122169%4:14
Power Play Forward
Line #Left WingCenterRight WingPHYDFOFWanted %Time %Time Play
1Andrei SvechnikovElias PetterssonJordan Greenway1225035%2:15
2Jason RobertsonDylan LarkinFrans Nielsen1225065%4:09
Power Play Defense
Line #DefenseDefensePHYDFOFWanted %Time %Time Play
1Ron HainseyRyan Suter1225042%2:41
2Travis HamonicDeryk Engelland1225058%3:43
Penalty Kill 4 Players Forward
Line #CenterWingPHYDFOFWanted %Time %Time Play
1Elias PetterssonAndrei Svechnikov1225052%3:41
2Jason RobertsonJordan Greenway1225048%3:28
Penalty Kill 4 Players Defense
Line #DefenseDefensePHYDFOFWanted %Time %Time Play
1Ron HainseyRyan Suter1225040%2:51
2Travis HamonicDeryk Engelland1225060%4:18
Penalty Kill 3 Players
Line #WingPHYDFOFWanted %Time %Time PlayDefenseDefensePHYDFOFWanted %Time %Time Play
1Elias Pettersson122500%0:00 Ron HainseyRyan Suter122500%0:00
2Andrei Svechnikov122500%0:00 Travis HamonicDeryk Engelland122500%0:00
4 vs 4 Forward
Line #CenterWingPHYDFOFWanted %Time %Time Play
1Elias PetterssonAndrei Svechnikov1225058%1:00
2Jason RobertsonJordan Greenway1225042%0:44
4 vs 4 Defense
Line #DefensePHYDFOFWanted %Time %Time Play
1Ron HainseyRyan Suter1225042%50% - 0:44
2Travis HamonicDeryk Engelland1225058%50% - 1:00
Last Minutes Offensive
Left WingCenterRight WingDefenseDefense
Andrei SvechnikovElias PetterssonCody GlassVille HeinolaRyan Suter
Last Minutes Defensive
Left WingCenterRight WingDefenseDefense
Andrei SvechnikovElias PetterssonCody GlassVille HeinolaRyan Suter
Time
Total ForwardTotal DefenseLast Minutes OffensiveLast Minutes Defensive
60:00 60:00 0:000:00
Extra Forwards
Normal PowerPlayPenalty Kill
Andrei Svechnikov, Frans Nielsen, Jason RobertsonElias Pettersson, Frans NielsenJason Robertson
Extra Defensemen
Normal PowerPlayPenalty Kill
Ron Hainsey, Ryan Suter, Travis HamonicRon Hainsey, Ryan SuterTravis Hamonic
Penalty Shots
Elias Pettersson, Andrei Svechnikov, Jason Robertson, Jordan Greenway, Cody Glass
Goalie
Jake Oettinger, Martin Jones
Custom OT Lines Forwards
Elias Pettersson, Andrei Svechnikov, Cody Glass, Jordan Greenway, Warren Foegele, Jason Robertson, Andreas Athanasiou, Dylan Larkin, Mikko Koivu, Frans Nielsen
Custom OT Lines Defensemen
Ville Heinola, Ryan Suter, Travis Hamonic, Deryk Engelland, Ron Hainsey
Scratches
Martin Necas (Sprained Right Knee Injury), Brogan Rafferty (Healthy), Scott Harrington (Left Knee Injury)


Play-by-Play

1st period


0:01 of 1st period - Derek Ryan wins face-off versus Elias Pettersson in neutral zone.
0:49 of 1st period - Minor Penalty to Nick Foligno for Elbowing.
0:50 of 1st period - Carl Soderberg wins face-off versus Dylan Larkin in Avalanches zone.
0:56 of 1st period - Icing by Deryk Engelland.
0:57 of 1st period - Dylan Larkin wins face-off versus Carl Soderberg in Stars zone.
1:17 of 1st period - Shot by Travis Hamonic.
1:17 of 1st period - Shot Misses the Net.
2:05 of 1st period - Shot by Ryan Suter.
2:05 of 1st period - Shot Blocked by Jeff Petry.
2:09 of 1st period - Shot by Elias Pettersson.
2:09 of 1st period - Deflect By Andrei Svechnikov.
2:09 of 1st period - Stopped by Robin Lehner without a rebound.
2:10 of 1st period - Derek Ryan wins face-off versus Elias Pettersson in Avalanches zone.
2:32 of 1st period - Icing by Ryan Suter.
2:33 of 1st period - Elias Pettersson wins face-off versus Carl Soderberg in Stars zone.
2:51 of 1st period - Shot by Andreas Athanasiou.
2:51 of 1st period - Stopped by Robin Lehner without a rebound.
2:52 of 1st period - Andreas Athanasiou wins face-off versus Nick Foligno in Avalanches zone.
3:24 of 1st period - Shot by Andreas Athanasiou.
3:24 of 1st period - Deflect By Jason Robertson.
3:24 of 1st period - Stopped by Robin Lehner without a rebound.
3:25 of 1st period - Dylan Larkin wins face-off versus Jeff Carter in Avalanches zone.
3:40 of 1st period - Off-side.
3:41 of 1st period - Mikko Koivu wins face-off versus Derek Ryan in neutral zone.
4:43 of 1st period - Shot by Ryan Donato.
4:43 of 1st period - Shot Blocked by Ryan Suter.
4:45 of 1st period - Shot by Mattias Janmark.
4:45 of 1st period - Stopped by Jake Oettinger without a rebound.
4:46 of 1st period - Nick Foligno wins face-off versus Dylan Larkin in Stars zone.
4:46 of 1st period - Joel Armia is hit by Ron Hainsey and loses puck.
4:56 of 1st period - Icing by Ron Hainsey.
4:57 of 1st period - Jeff Carter wins face-off versus Dylan Larkin in Stars zone.
5:23 of 1st period - Shot by Jeff Carter.
5:23 of 1st period - Deflect By Ryan Donato.
5:23 of 1st period - Stopped by Jake Oettinger without a rebound.
5:24 of 1st period - Nick Foligno wins face-off versus Elias Pettersson in Stars zone.
5:36 of 1st period - Shot by Joel Armia.
5:36 of 1st period - Shot Misses the Net.
6:24 of 1st period - Shot by Dylan Larkin.
6:24 of 1st period - Stopped by Robin Lehner without a rebound.
6:25 of 1st period - Carl Soderberg wins face-off versus Andreas Athanasiou in Avalanches zone.
6:59 of 1st period - Icing by Ron Hainsey.
7:00 of 1st period - Derek Ryan wins face-off versus Andreas Athanasiou in Stars zone.
7:09 of 1st period - Shot by Derek Ryan.
7:09 of 1st period - Stopped by Jake Oettinger without a rebound.
7:10 of 1st period - Jeff Carter wins face-off versus Jordan Greenway in Stars zone.
7:11 of 1st period - Shot by Alex Goligoski.
7:11 of 1st period - Stopped by Jake Oettinger without a rebound.
7:12 of 1st period - Dylan Larkin wins face-off versus Nick Foligno in Stars zone.
7:42 of 1st period - Shot by Joel Armia.
7:42 of 1st period - Stopped by Jake Oettinger with a rebound.
8:05 of 1st period - Jeff Petry is hit by Deryk Engelland and loses puck.
8:38 of 1st period - Shot by Mattias Janmark.
8:38 of 1st period - Stopped by Jake Oettinger without a rebound.
8:39 of 1st period - T.J. Oshie wins face-off versus Andreas Athanasiou in Stars zone.
8:55 of 1st period - Jamie Oleksiak is hit by Warren Foegele and loses puck.
9:14 of 1st period - Warren Foegele is hit by T.J. Oshie and loses puck.
10:39 of 1st period - Shot by Ryan Donato.
10:39 of 1st period - Shot Blocked by Deryk Engelland.
10:51 of 1st period - Shot by Ryan Donato.
10:51 of 1st period - Shot Misses the Net.
10:59 of 1st period - Shot by Mikko Koivu.
10:59 of 1st period - Shot Blocked by Erik Gustafsson.
11:28 of 1st period - Shot by Dylan Larkin.
11:28 of 1st period - Stopped by Robin Lehner without a rebound.
11:29 of 1st period - Joel Armia wins face-off versus Andreas Athanasiou in Avalanches zone.
11:36 of 1st period - Shot by Nick Foligno.
11:36 of 1st period - Stopped by Jake Oettinger without a rebound.
11:37 of 1st period - Nick Foligno wins face-off versus Dylan Larkin in Stars zone.
11:48 of 1st period - Shot by Joel Armia.
11:48 of 1st period - Shot Misses the Net.
12:53 of 1st period - Shot by Justin Williams.
12:53 of 1st period - Shot Misses the Net.
12:55 of 1st period - Shot by Justin Williams.
12:55 of 1st period - Shot Misses the Net.
12:57 of 1st period - Shot by Carl Soderberg.
12:57 of 1st period - Shot Misses the Net.
12:59 of 1st period - Shot by Carl Soderberg.
12:59 of 1st period - Shot Misses the Net.
13:01 of 1st period - Shot by Justin Williams.
13:01 of 1st period - Stopped by Jake Oettinger without a rebound.
13:02 of 1st period - Derek Ryan wins face-off versus Andreas Athanasiou in Stars zone.
13:02 of 1st period - Erik Gustafsson is hit by Tucker Poolman and loses puck.
13:09 of 1st period - Shot by Andreas Athanasiou.
13:09 of 1st period - Shot Misses the Net.
13:15 of 1st period - Shot by Andreas Athanasiou.
13:15 of 1st period - Stopped by Robin Lehner without a rebound.
13:16 of 1st period - Mikko Koivu wins face-off versus Jeff Carter in Avalanches zone.
13:24 of 1st period - Ron Hainsey is hit by Erik Gustafsson.
13:37 of 1st period - Minor Penalty to Tucker Poolman for Hooking.
13:38 of 1st period - Derek Ryan wins face-off versus Elias Pettersson in Stars zone.
13:41 of 1st period - Shot by Blake Wheeler.
13:41 of 1st period - Deflect By T.J. Oshie.
13:41 of 1st period - Goal by T.J. Oshie - Avalanches : 1 - Stars : 0.
13:42 of 1st period - Dylan Larkin wins face-off versus Derek Ryan in neutral zone.
13:44 of 1st period - Minor Penalty to Jeff Petry for Holding.
13:45 of 1st period - Derek Ryan wins face-off versus Elias Pettersson in Avalanches zone.
13:56 of 1st period - Carl Soderberg is hit by Jordan Greenway and loses puck.
14:09 of 1st period - Shot by Andrei Svechnikov.
14:09 of 1st period - Stopped by Robin Lehner without a rebound.
14:10 of 1st period - Dylan Larkin wins face-off versus Derek Ryan in Avalanches zone.
14:27 of 1st period - Shot by Deryk Engelland.
14:27 of 1st period - Shot Blocked by Alex Goligoski.
15:06 of 1st period - Shot by Mattias Janmark.
15:06 of 1st period - Deflect By Carl Soderberg.
15:06 of 1st period - Shot Misses the Net.
15:59 of 1st period - Shot by Andrei Svechnikov.
15:59 of 1st period - Deflect By Elias Pettersson.
15:59 of 1st period - Shot Misses the Net.
16:09 of 1st period - Shot by Nick Foligno.
16:09 of 1st period - Stopped by Jake Oettinger without a rebound.
16:10 of 1st period - Derek Ryan wins face-off versus Elias Pettersson in Stars zone.
16:23 of 1st period - Shot by Derek Ryan.
16:23 of 1st period - Stopped by Jake Oettinger without a rebound.
16:24 of 1st period - Jordan Greenway wins face-off versus Jeff Carter in Stars zone.
16:29 of 1st period - Mattias Janmark is hit by Jordan Greenway and loses puck.
16:35 of 1st period - Zach Whitecloud is hit by Ville Heinola and loses puck.
16:38 of 1st period - Shot by Jeff Carter.
16:38 of 1st period - Shot Misses the Net.
16:42 of 1st period - Shot by Ryan Donato.
16:42 of 1st period - Shot Blocked by Ryan Suter.
17:08 of 1st period - Elias Pettersson is hit by Ryan Donato and loses puck.
17:31 of 1st period - Shot by T.J. Oshie.
17:31 of 1st period - Goal by T.J. Oshie - Avalanches : 2 - Stars : 0.
17:32 of 1st period - Nick Foligno wins face-off versus Andreas Athanasiou in neutral zone.
18:38 of 1st period - Shot by Derek Ryan.
18:38 of 1st period - Stopped by Jake Oettinger without a rebound.
18:39 of 1st period - Derek Ryan wins face-off versus Elias Pettersson in Stars zone.
18:42 of 1st period - Shot by Zach Whitecloud.
18:42 of 1st period - Shot Misses the Net.
18:57 of 1st period - Blake Wheeler is hit by Deryk Engelland and loses puck.
19:00 of 1st period - Shot by T.J. Oshie.
19:00 of 1st period - Shot Blocked by Deryk Engelland.
19:02 of 1st period - Shot by Derek Ryan.
19:02 of 1st period - Shot Misses the Net.
19:07 of 1st period - Blake Wheeler is hit by Travis Hamonic and loses puck.
19:17 of 1st period - Shot by Derek Ryan.
19:17 of 1st period - Shot Misses the Net.
19:46 of 1st period - Shot by Justin Williams.
19:46 of 1st period - Shot Hit the Post.
Goals for this period are 2 for Avalanches vs 0 for Stars.
Shots for this period are 13 for Avalanches vs 7 for Stars.

2nd period


0:01 of 2nd period - Dylan Larkin wins face-off versus Derek Ryan in neutral zone.
0:12 of 2nd period - Shot by Deryk Engelland.
0:12 of 2nd period - Shot Misses the Net.
0:14 of 2nd period - Shot by Ryan Suter.
0:14 of 2nd period - Stopped by Robin Lehner with a rebound.
0:16 of 2nd period - Shot by Jordan Greenway.
0:16 of 2nd period - Stopped by Robin Lehner without a rebound.
0:17 of 2nd period - Nick Foligno wins face-off versus Warren Foegele in Avalanches zone.
0:17 of 2nd period - Nick Foligno is hit by Andreas Athanasiou.
0:25 of 2nd period - Ron Hainsey is hit by Joel Armia and loses puck.
2:46 of 2nd period - Carl Soderberg is hit by Andrei Svechnikov and loses puck.
2:56 of 2nd period - Icing by Ron Hainsey.
2:57 of 2nd period - Nick Foligno wins face-off versus Elias Pettersson in Stars zone.
3:00 of 2nd period - Shot by Colin Wilson.
3:00 of 2nd period - Shot Misses the Net.
3:10 of 2nd period - Shot by Colin Wilson.
3:10 of 2nd period - Stopped by Jake Oettinger without a rebound.
3:11 of 2nd period - Carl Soderberg wins face-off versus Andreas Athanasiou in Stars zone.
3:15 of 2nd period - Minor Penalty to Ville Heinola for Cross-checking.
3:16 of 2nd period - Derek Ryan wins face-off versus Jason Robertson in Stars zone.
3:27 of 2nd period - Shot by Alex Goligoski.
3:27 of 2nd period - Stopped by Jake Oettinger without a rebound.
3:28 of 2nd period - Colin Wilson wins face-off versus Andrei Svechnikov in Stars zone.
3:35 of 2nd period - Shot by Nick Foligno.
3:35 of 2nd period - Stopped by Jake Oettinger without a rebound.
3:36 of 2nd period - Derek Ryan wins face-off versus Jason Robertson in Stars zone.
4:14 of 2nd period - Shot by Derek Ryan.
4:14 of 2nd period - Shot Misses the Net.
4:16 of 2nd period - Shot by Jeff Petry.
4:16 of 2nd period - Stopped by Jake Oettinger without a rebound.
4:17 of 2nd period - Nick Foligno wins face-off versus Jordan Greenway in Stars zone.
4:17 of 2nd period - Joel Armia is hit by Travis Hamonic and loses puck.
4:32 of 2nd period - Shot by Colin Wilson.
4:32 of 2nd period - Shot Misses the Net.
5:22 of 2nd period - Shot by Frans Nielsen.
5:22 of 2nd period - Stopped by Robin Lehner without a rebound.
5:23 of 2nd period - Andreas Athanasiou wins face-off versus Derek Ryan in Avalanches zone.
5:46 of 2nd period - Icing by Warren Foegele.
5:47 of 2nd period - Jeff Carter wins face-off versus Andreas Athanasiou in Stars zone.
6:01 of 2nd period - Travis Hamonic is hit by Jeff Carter and loses puck.
6:50 of 2nd period - Icing by Derek Ryan.
6:51 of 2nd period - Elias Pettersson wins face-off versus Derek Ryan in Avalanches zone.
7:31 of 2nd period - Shot by Elias Pettersson.
7:31 of 2nd period - Goal by Elias Pettersson - Avalanches : 2 - Stars : 1.
7:32 of 2nd period - Nick Foligno wins face-off versus Dylan Larkin in neutral zone.
7:34 of 2nd period - Jamie Oleksiak is hit by Ryan Suter.
8:12 of 2nd period - Ville Heinola is hit by Joel Armia and loses puck.
8:29 of 2nd period - Shot by Dominik Simon.
8:29 of 2nd period - Stopped by Robin Lehner without a rebound.
8:30 of 2nd period - Cody Glass wins face-off versus Jeff Carter in Avalanches zone.
8:41 of 2nd period - Travis Hamonic is hit by Jeff Carter and loses puck.
9:33 of 2nd period - Minor Penalty to Tucker Poolman for Hooking.
9:34 of 2nd period - Jason Robertson wins face-off versus Derek Ryan in Stars zone.
10:00 of 2nd period - Minor Penalty to Blake Wheeler for Hooking.
10:01 of 2nd period - Jeff Carter wins face-off versus Jason Robertson in Avalanches zone.
10:06 of 2nd period - Shot by Jeff Carter.
10:06 of 2nd period - Shot Misses the Net.
10:12 of 2nd period - Shot by Jeff Carter.
10:12 of 2nd period - Shot Misses the Net.
10:14 of 2nd period - Shot by Joel Armia.
10:14 of 2nd period - Stopped by Jake Oettinger without a rebound.
10:15 of 2nd period - Elias Pettersson wins face-off versus Jeff Carter in Stars zone.
11:02 of 2nd period - Shot by Joel Armia.
11:02 of 2nd period - Goal by Joel Armia - Avalanches : 3 - Stars : 1.
11:03 of 2nd period - Jason Robertson wins face-off versus Jeff Carter in neutral zone.
12:00 of 2nd period - Jason Robertson is hit by John Moore and loses puck.
13:02 of 2nd period - Shot by Andrei Svechnikov.
13:02 of 2nd period - Shot Misses the Net.
13:04 of 2nd period - Shot by Ville Heinola.
13:04 of 2nd period - Shot Blocked by Jamie Oleksiak.
13:06 of 2nd period - Shot by Cody Glass.
13:06 of 2nd period - Shot Blocked by Jamie Oleksiak.
13:08 of 2nd period - Shot by Ryan Suter.
13:08 of 2nd period - Shot Blocked by Jamie Oleksiak.
13:10 of 2nd period - Shot by Ryan Suter.
13:10 of 2nd period - Stopped by Robin Lehner without a rebound.
13:11 of 2nd period - Colin Wilson wins face-off versus Dylan Larkin in Avalanches zone.
13:13 of 2nd period - Nick Foligno is hit by Jordan Greenway and loses puck.
13:21 of 2nd period - Icing by Ron Hainsey.
13:22 of 2nd period - Carl Soderberg wins face-off versus Dylan Larkin in Stars zone.
13:22 of 2nd period - Erik Gustafsson is hit by Tucker Poolman and loses puck.
13:52 of 2nd period - Jordan Greenway is hit by Zach Whitecloud and loses puck.
14:21 of 2nd period - Shot by Andreas Athanasiou.
14:21 of 2nd period - Shot Misses the Net.
14:23 of 2nd period - Shot by Travis Hamonic.
14:23 of 2nd period - Shot Blocked by Erik Gustafsson.
14:25 of 2nd period - Shot by Deryk Engelland.
14:25 of 2nd period - Stopped by Robin Lehner without a rebound.
14:26 of 2nd period - Mikko Koivu wins face-off versus Nick Foligno in Avalanches zone.
14:27 of 2nd period - Shot by Ryan Suter.
14:27 of 2nd period - Shot Blocked by Jeff Petry.
14:29 of 2nd period - Shot by Mikko Koivu.
14:29 of 2nd period - Stopped by Robin Lehner without a rebound.
14:30 of 2nd period - Warren Foegele wins face-off versus Nick Foligno in Avalanches zone.
14:43 of 2nd period - Shot by Warren Foegele.
14:43 of 2nd period - Stopped by Robin Lehner without a rebound.
14:44 of 2nd period - Elias Pettersson wins face-off versus Ryan Donato in Avalanches zone.
14:59 of 2nd period - Shot by Andrei Svechnikov.
14:59 of 2nd period - Shot Misses the Net.
15:04 of 2nd period - Minor Penalty to Andrei Svechnikov for Tripping.
15:05 of 2nd period - Jason Robertson wins face-off versus Derek Ryan in Stars zone.
15:31 of 2nd period - Shot by Blake Wheeler.
15:31 of 2nd period - Shot Misses the Net.
15:33 of 2nd period - Shot by Blake Wheeler.
15:33 of 2nd period - Shot Misses the Net.
15:45 of 2nd period - Shot by Derek Ryan.
15:45 of 2nd period - Goal by Derek Ryan - Avalanches : 4 - Stars : 1.
15:46 of 2nd period - Dylan Larkin wins face-off versus Nick Foligno in neutral zone.
16:05 of 2nd period - Shot by Nick Foligno.
16:05 of 2nd period - Stopped by Jake Oettinger without a rebound.
16:06 of 2nd period - Mikko Koivu wins face-off versus Jeff Carter in Stars zone.
16:06 of 2nd period - Mikko Koivu is hit by Ryan Donato.
16:40 of 2nd period - Shot by Dominik Simon.
16:40 of 2nd period - Shot Blocked by John Moore.
16:42 of 2nd period - Shot by Frans Nielsen.
16:42 of 2nd period - Shot Misses the Net.
17:21 of 2nd period - Icing by Jamie Oleksiak.
17:22 of 2nd period - Andreas Athanasiou wins face-off versus Jeff Carter in Avalanches zone.
17:34 of 2nd period - Off-side.
17:35 of 2nd period - Elias Pettersson wins face-off versus Nick Foligno in neutral zone.
17:40 of 2nd period - Shot by Ryan Suter.
17:40 of 2nd period - Stopped by Robin Lehner with a rebound.
17:42 of 2nd period - Shot by Ryan Suter.
17:42 of 2nd period - Shot Misses the Net.
17:44 of 2nd period - Shot by Ryan Suter.
17:44 of 2nd period - Shot Misses the Net.
18:18 of 2nd period - Off-side.
18:19 of 2nd period - Dylan Larkin wins face-off versus Derek Ryan in neutral zone.
18:56 of 2nd period - Shot by Dylan Larkin.
18:56 of 2nd period - Stopped by Robin Lehner without a rebound.
18:57 of 2nd period - Carl Soderberg wins face-off versus Andreas Athanasiou in Avalanches zone.
19:01 of 2nd period - Carl Soderberg is hit by Tucker Poolman and loses puck.
19:33 of 2nd period - Shot by Andreas Athanasiou.
19:33 of 2nd period - Shot Misses the Net.
Goals for this period are 2 for Avalanches vs 1 for Stars.
Shots for this period are 8 for Avalanches vs 11 for Stars.

3rd period


0:01 of 3rd period - Joel Armia wins face-off versus Dylan Larkin in neutral zone.
0:16 of 3rd period - Shot by Joel Armia.
0:16 of 3rd period - Deflect By Nick Foligno.
0:16 of 3rd period - Shot Misses the Net.
0:18 of 3rd period - Shot by Nick Foligno.
0:18 of 3rd period - Stopped by Jake Oettinger without a rebound.
0:19 of 3rd period - Elias Pettersson wins face-off versus Derek Ryan in Stars zone.
0:30 of 3rd period - Shot by Elias Pettersson.
0:30 of 3rd period - Shot Blocked by Erik Gustafsson.
0:38 of 3rd period - Shot by Elias Pettersson.
0:38 of 3rd period - Shot Misses the Net.
0:40 of 3rd period - Shot by Elias Pettersson.
0:40 of 3rd period - Stopped by Robin Lehner without a rebound.
0:41 of 3rd period - Dylan Larkin wins face-off versus Nick Foligno in Avalanches zone.
0:48 of 3rd period - Shot by Dylan Cozens.
0:48 of 3rd period - Shot Misses the Net.
1:15 of 3rd period - Shot by Jeff Petry.
1:15 of 3rd period - Shot Blocked by Deryk Engelland.
1:17 of 3rd period - Shot by Nick Foligno.
1:17 of 3rd period - Shot Blocked by Ryan Suter.
1:19 of 3rd period - Shot by Nick Foligno.
1:19 of 3rd period - Shot Misses the Net.
1:47 of 3rd period - Shot by T.J. Oshie.
1:47 of 3rd period - Shot Misses the Net.
2:01 of 3rd period - Shot by Blake Wheeler.
2:01 of 3rd period - Shot Misses the Net.
2:03 of 3rd period - Shot by Derek Ryan.
2:03 of 3rd period - Goal by Derek Ryan - Avalanches : 5 - Stars : 1.
2:03 of 3rd period - Martin Jones enters game.
2:04 of 3rd period - Jeff Carter wins face-off versus Andreas Athanasiou in neutral zone.
2:12 of 3rd period - Off-side.
2:13 of 3rd period - Jeff Carter wins face-off versus Elias Pettersson in neutral zone.
3:20 of 3rd period - Shot by Joel Armia.
3:20 of 3rd period - Shot Misses the Net.
3:27 of 3rd period - Jason Robertson is hit by Alex Goligoski and loses puck.
3:35 of 3rd period - Minor Penalty to Alex Goligoski for Tripping.
3:36 of 3rd period - Dylan Larkin wins face-off versus Carl Soderberg in Avalanches zone.
3:47 of 3rd period - Shot by Dylan Larkin.
3:47 of 3rd period - Stopped by Robin Lehner with a rebound.
3:49 of 3rd period - Shot by Dylan Larkin.
3:49 of 3rd period - Shot Misses the Net.
3:51 of 3rd period - Shot by Travis Hamonic.
3:51 of 3rd period - Shot Misses the Net.
3:53 of 3rd period - Shot by Deryk Engelland.
3:53 of 3rd period - Stopped by Robin Lehner without a rebound.
3:54 of 3rd period - Jordan Greenway wins face-off versus Derek Ryan in Avalanches zone.
4:11 of 3rd period - Shot by Deryk Engelland.
4:11 of 3rd period - Shot Blocked by Jeff Petry.
4:21 of 3rd period - Shot by Elias Pettersson.
4:21 of 3rd period - Shot Hit the Post.
4:39 of 3rd period - Off-side.
4:40 of 3rd period - Carl Soderberg wins face-off versus Dylan Larkin in neutral zone.
4:43 of 3rd period - Frans Nielsen is hit by Carl Soderberg and loses puck.
5:20 of 3rd period - Shot by Ryan Suter.
5:20 of 3rd period - Stopped by Robin Lehner with a rebound.
5:22 of 3rd period - Shot by Frans Nielsen.
5:22 of 3rd period - Shot Misses the Net.
5:24 of 3rd period - Shot by Ron Hainsey.
5:24 of 3rd period - Stopped by Robin Lehner without a rebound.
5:25 of 3rd period - Derek Ryan wins face-off versus Elias Pettersson in Avalanches zone.
5:40 of 3rd period - Shot by Warren Foegele.
5:40 of 3rd period - Stopped by Robin Lehner with a rebound.
5:42 of 3rd period - Shot by Ville Heinola.
5:42 of 3rd period - Shot Misses the Net.
5:44 of 3rd period - Shot by Ryan Suter.
5:44 of 3rd period - Stopped by Robin Lehner without a rebound.
5:45 of 3rd period - Nick Foligno wins face-off versus Elias Pettersson in Avalanches zone.
6:16 of 3rd period - Shot by Andrei Svechnikov.
6:16 of 3rd period - Stopped by Robin Lehner without a rebound.
6:17 of 3rd period - Derek Ryan wins face-off versus Dylan Larkin in Avalanches zone.
6:24 of 3rd period - Shot by Derek Ryan.
6:24 of 3rd period - Stopped by Martin Jones without a rebound.
6:25 of 3rd period - Derek Ryan wins face-off versus Dylan Larkin in Stars zone.
6:25 of 3rd period - Derek Ryan is hit by Ryan Suter.
6:26 of 3rd period - Minor Penalty to Ville Heinola for Hooking.
6:27 of 3rd period - Derek Ryan wins face-off versus Jason Robertson in Stars zone.
6:28 of 3rd period - Shot by Jeff Petry.
6:28 of 3rd period - Shot Blocked by Ryan Suter.
6:57 of 3rd period - Icing by Alex Goligoski.
6:58 of 3rd period - Jason Robertson wins face-off versus Derek Ryan in Avalanches zone.
7:44 of 3rd period - Icing by Jamie Oleksiak.
7:45 of 3rd period - Nick Foligno wins face-off versus Jason Robertson in Avalanches zone.
7:58 of 3rd period - Shot by Jamie Oleksiak.
7:58 of 3rd period - Shot Misses the Net.
8:18 of 3rd period - Shot by Erik Gustafsson.
8:18 of 3rd period - Shot Misses the Net.
8:47 of 3rd period - Dominik Simon is hit by Jeff Petry and loses puck.
8:50 of 3rd period - Shot by Frans Nielsen.
8:50 of 3rd period - Stopped by Robin Lehner without a rebound.
8:51 of 3rd period - Dylan Larkin wins face-off versus Derek Ryan in Avalanches zone.
8:51 of 3rd period - Dylan Larkin is hit by Zach Whitecloud.
9:02 of 3rd period - Icing by T.J. Oshie.
9:03 of 3rd period - Derek Ryan wins face-off versus Andreas Athanasiou in Avalanches zone.
9:13 of 3rd period - Icing by Warren Foegele.
9:14 of 3rd period - Jeff Carter wins face-off versus Andreas Athanasiou in Stars zone.
9:21 of 3rd period - Shot by Mattias Janmark.
9:21 of 3rd period - Stopped by Martin Jones without a rebound.
9:22 of 3rd period - Nick Foligno wins face-off versus Dylan Larkin in Stars zone.
10:29 of 3rd period - Icing by Zach Whitecloud.
10:30 of 3rd period - Andreas Athanasiou wins face-off versus Derek Ryan in Avalanches zone.
10:30 of 3rd period - Jason Robertson is hit by Zach Whitecloud.
10:54 of 3rd period - Shot by T.J. Oshie.
10:54 of 3rd period - Stopped by Martin Jones without a rebound.
10:55 of 3rd period - Cody Glass wins face-off versus Jeff Carter in Stars zone.
10:55 of 3rd period - Cody Glass is hit by Jeff Carter.
12:19 of 3rd period - Shot by Andreas Athanasiou.
12:19 of 3rd period - Deflect By Jason Robertson.
12:19 of 3rd period - Stopped by Robin Lehner without a rebound.
12:20 of 3rd period - Derek Ryan wins face-off versus Dylan Larkin in Avalanches zone.
12:20 of 3rd period - Derek Ryan is hit by Jordan Greenway.
12:47 of 3rd period - Icing by Ryan Suter.
12:48 of 3rd period - Carl Soderberg wins face-off versus Dylan Larkin in Stars zone.
13:01 of 3rd period - Shot by Riley Nash.
13:01 of 3rd period - Stopped by Martin Jones with a rebound.
13:25 of 3rd period - Andreas Athanasiou is hit by Carl Soderberg and loses puck.
13:27 of 3rd period - Minor Penalty to Deryk Engelland for Holding.
13:28 of 3rd period - T.J. Oshie wins face-off versus Elias Pettersson in Stars zone.
13:29 of 3rd period - Shot by Blake Wheeler.
13:29 of 3rd period - Shot Misses the Net.
13:31 of 3rd period - Shot by Derek Ryan.
13:31 of 3rd period - Shot Misses the Net.
13:47 of 3rd period - Shot by T.J. Oshie.
13:47 of 3rd period - Stopped by Martin Jones without a rebound.
13:48 of 3rd period - Nick Foligno wins face-off versus Jason Robertson in Stars zone.
14:21 of 3rd period - Shot by Nick Foligno.
14:21 of 3rd period - Stopped by Martin Jones without a rebound.
14:22 of 3rd period - Derek Ryan wins face-off versus Elias Pettersson in Stars zone.
14:23 of 3rd period - Shot by T.J. Oshie.
14:23 of 3rd period - Stopped by Martin Jones with a rebound.
14:25 of 3rd period - Shot by Jamie Oleksiak.
14:25 of 3rd period - Shot Misses the Net.
14:27 of 3rd period - Shot by Jamie Oleksiak.
14:27 of 3rd period - Deflect By T.J. Oshie.
14:27 of 3rd period - Stopped by Martin Jones with a rebound.
14:43 of 3rd period - Shot by Erik Gustafsson.
14:43 of 3rd period - Stopped by Martin Jones without a rebound.
14:44 of 3rd period - Nick Foligno wins face-off versus Jason Robertson in Stars zone.
14:47 of 3rd period - Shot by Alex Goligoski.
14:47 of 3rd period - Shot Misses the Net.
14:49 of 3rd period - Shot by Joel Armia.
14:49 of 3rd period - Shot Misses the Net.
15:15 of 3rd period - Shot by Jeff Petry.
15:15 of 3rd period - Stopped by Martin Jones without a rebound.
15:16 of 3rd period - Elias Pettersson wins face-off versus Derek Ryan in Stars zone.
15:25 of 3rd period - Andrei Svechnikov is hit by Blake Wheeler and loses puck.
15:53 of 3rd period - Shot by Jeff Carter.
15:53 of 3rd period - Stopped by Martin Jones without a rebound.
15:54 of 3rd period - T.J. Oshie wins face-off versus Elias Pettersson in Stars zone.
16:33 of 3rd period - Shot by Derek Ryan.
16:33 of 3rd period - Deflect By T.J. Oshie.
16:33 of 3rd period - Shot Misses the Net.
16:48 of 3rd period - Alex Goligoski is hit by Ryan Suter.
17:19 of 3rd period - Shot by Colin Wilson.
17:19 of 3rd period - Shot Hit the Post.
17:41 of 3rd period - Andreas Athanasiou is hit by Mattias Janmark and loses puck.
18:10 of 3rd period - Shot by Jeff Carter.
18:10 of 3rd period - Goal by Jeff Carter - Avalanches : 6 - Stars : 1.
18:11 of 3rd period - Dylan Cozens wins face-off versus Derek Ryan in neutral zone.
18:44 of 3rd period - Icing by John Moore.
18:45 of 3rd period - Mikko Koivu wins face-off versus Derek Ryan in Avalanches zone.
19:10 of 3rd period - Off-side.
19:11 of 3rd period - Andreas Athanasiou wins face-off versus Nick Foligno in neutral zone.
19:14 of 3rd period - Shot by Jason Robertson.
19:14 of 3rd period - Stopped by Robin Lehner without a rebound.
19:15 of 3rd period - Nick Foligno wins face-off versus Andreas Athanasiou in Avalanches zone.
19:47 of 3rd period - Major / Game Misconduct Penalty to Tucker Poolman for Spearing.
19:47 of 3rd period - Tucker Poolman is ejected from game.
19:47 of 3rd period - Minor Penalty to Colin Wilson for Interference.
19:48 of 3rd period - Jeff Carter wins face-off versus Elias Pettersson in Stars zone.
Goals for this period are 2 for Avalanches vs 0 for Stars.
Shots for this period are 14 for Avalanches vs 11 for Stars.




Output by the SimonT Hockey Simulator (STHS) for Eric Henault - Original Page W3C HTML5 Valid
Hockey Simulator - Hockey Simulation - Hockey Manager